 Dungeon Crawl Stone Soup version 0.25.0-1-g7eea58d2a3 (webtiles) character file.

Game seed: 8357767405264283836

135 Peloso the Skirmisher (level 4, -2/36 HPs)
             Began as a Demonspawn Fighter on June 13, 2020.
             Was an Initiate of Okawaru.
             Slain by a river rat (4 damage)
             ... summoned by Eustachio
             ... on level 4 of the Dungeon.
             The game lasted 00:04:41 (3370 turns).

Peloso the Skirmisher (Demonspawn Fighter)          Turns: 3370, Time: 00:04:42

Health: -2/36      AC:  7    Str: 16 (17) XL:     4   Next: 97%
Magic:  4/4        EV:  7    Int:  8 (9)  God:    Okawaru [......]
Gold:   130        SH:  0    Dex: 10 (13) Spells: 3/3 levels left

rFire    . . .     SeeInvis .   a - +0 long sword
rCold    . . .     Gourm    .   c - +0 kite shield
rNeg     . . .     Faith    .   b - +0 scale mail
rPois    .         Spirit   .   (no helmet)
rElec    .         Reflect  .   o - scarf {repulsion}
rCorr    .         Harm     .   (no gloves)
MR       .....                  (no boots)
Stlth    ..........             (no amulet)
HPRegen  0.12/turn              m - ring of flight
MPRegen  0.09/turn              (no ring)

@: confused, slowed, repel missiles, very slow
A: hooves 1, rugged brown scales 1, nightstalker 1
a: Renounce Religion, Evoke Flight


You were on level 4 of the Dungeon.
You worshipped Okawaru.
Okawaru was noncommittal.
You were not hungry.

You visited 1 branch of the dungeon, and saw 4 of its levels.

You collected 130 gold pieces.

Inventory:

Hand Weapons
 a - a +0 long sword (weapon)
Armour
 b - a +0 scale mail (worn)
 c - a +0 kite shield (worn)
 o - a scarf of repulsion (worn)
Jewellery
 m - a ring of flight (left hand)
Scrolls
 g - a scroll of remove curse
 i - 3 scrolls of identify
 k - 3 scrolls of teleportation {unknown}
 l - a scroll of immolation {unknown}
 p - a scroll of enchant armour {unknown}
 q - 5 scrolls of magic mapping {unknown}
 s - a scroll of amnesia {unknown}
 w - a scroll of fog {unknown}
Potions
 d - a potion of might
 h - a potion of berserk rage
 j - a potion of heal wounds
 r - a potion of magic
 t - 2 potions of brilliance
 v - a potion of flight
Comestibles
 f - 2 rations
 u - 2 chunks of flesh


   Skills:
 + Level 3.4 Fighting
 + Level 3.3 Long Blades
 + Level 3.2 Armour
 + Level 0.2 Dodging
 + Level 3.3 Shields


You had 3 spell levels left.
You didn't know any spells.
Your spell library was empty.

Dungeon Overview and Level Annotations

Branches:
Dungeon (4/15)
 Temple: D:4-7

Altars:
Cheibriados
Kikubaaqudgha
Okawaru
Xom

Annotations:
D:4 Eustachio


Innate Abilities, Weirdness & Mutations

You have large cloven feet.
You are partially covered in rugged brown scales. (AC +1, +3% HP)
You are slightly more attuned to the shadows.


Message History

The orc wizard blinks!
The rat bites you but does no damage.
The river rat bites you but does no damage.
You hit the rat but do no damage. You kick the rat.
You kill the rat!
The rat's corpse disappears in a puff of smoke!
The bat hits you but does no damage. The orc hits you.
* * * LOW HITPOINT WARNING * * *
The orc completely misses you. The river rat closely misses you.
The orc wizard hits you but does no damage.
The orc hits you but does no damage.
Eustachio asks, "How can you live without manners, virtues and honour?"
Eustachio mumbles some strange words.
The orc hits you but does no damage. x2; The orc barely misses you.
The orc wizard casts a spell.
The orc wizard blinks!
You slash the orc!
You kill the orc!
Okawaru accepts your kill. The river rat bites you.
You die...

..... #Z... ##....
#...Z. ####
......##..###
......#.5..(#####
.....†...oo..#..##
.......@5oo......#
.......oo@rb.##..#
........o)o.....##
.......#Z........#
#........#........
#......#.##...>...
.....#.##.....##
.. .. #......


You could see Eustachio, 2 orc wizards, a quasit (summoned), a river rat
(summoned), a shadow imp (summoned), 6 orcs, a bat (summoned) and a water
moccasin skeleton.

Vanquished Creatures
  Terence (D:3)
  4 adders
  A shadow imp (D:3)
  An adder skeleton (D:3)
  A worm (D:3)
  4 dart slugs
  A leopard gecko (D:2)
  3 orcs
  3 giant cockroaches
  9 goblins
  4 hobgoblins
  6 kobolds
  3 quokkas
  4 bats
  3 frilled lizards
  5 rats
  A plant (D:2)
54 creatures vanquished.

Notes
Turn   | Place    | Note
-------+----------+-------------------------------------------
     0 | D:1      | Peloso the Demonspawn Fighter began the quest for the Orb.
     0 | D:1      | Reached XP level 1. HP: 18/18 MP: 1/1
   247 | D:1      | Gained mutation: You are partially covered in rugged brown
                  | scales. (AC +1, +3% HP) [demonic ancestry]
   247 | D:1      | Reached XP level 2. HP: 18/24 MP: 2/2
  1009 | D:2      | Found a shimmering altar of Xom.
  1389 | D:2      | Gained mutation: You are slightly more attuned to the
                  | shadows. [demonic ancestry]
  1389 | D:2      | Reached XP level 3. HP: 29/29 MP: 3/3
  1437 | D:2      | Found a snail-covered altar of Cheibriados.
  1437 | D:2      | Found an iron altar of Okawaru.
  1448 | D:2      | Became a worshipper of Warmaster Okawaru
  2215 | D:3      | Found an ancient bone altar of Kikubaaqudgha.
  2750 | D:3      | Gained mutation: You have large cloven feet. [demonic
                  | ancestry]
  2750 | D:3      | Reached XP level 4. HP: 35/36 MP: 4/4
  2862 | D:3      | Noticed Terence
  2871 | D:3      | Killed Terence
  3351 | D:4      | Noticed Eustachio
  3369 | D:4      | HP: 1/36 [orc (1)]
  3370 | D:4      | Slain by a river rat

Illustrated notes

Levels and vault maps discovered:
D:1:      minmay_arrival_checkered_box, layout_loops_ring, minmay_tromino_v2
D:2:      layout_basic, xom_teletrap_fun, gammafunk_temple_overflow_pools,
          serial_bayou_lake_a
D:3:      layout_loops_ring, lemuel_doored_altar, uniq_terence
D:4:      layout_cave_pools, first_ration, serial_shops,
          nicolae_shop_waterfront, makhleb_blood_cavern_becter, uniq_eustachio,
          uniq_duvessa

Skill      XL: |  1  2  3  4 |
---------------+-------------+-----
Long Blades    | 2 3 |  3.3
Armour         | 3 |  3.2
Shields        | 3 |  3.3
Fighting       | |  3.4
Dodging        | |  0.2

Action                   |  1- 3 |  4- 6 || total
-------------------------+-------+-------++-------
Melee: Long sword        |   186 |    46 ||   232
       Kick              |       |    15 ||    15
  Use: Potion            |     5 |     3 ||     8
       Scroll            |     1 |     1 ||     2
  Eat: Chunk             |     6 |     2 ||     8
Armor: Scale mail        |    56 |    57 ||   113
Dodge: Dodged            |    28 |    24 ||    52
Block: Kite shield       |    63 |    22 ||    85
       Rpst.: Long sword |    13 |     3 ||    16
